 Dungeon Crawl Stone Soup version 0.23.1-41-g7e51ed32d8 (webtiles) character file.

Game seed: 7061366147933556200

2679 Norn the Grappler (level 9, 0/81 HPs)
             Began as a White Draconian Transmuter on Mar 30, 2019.
             Was a Follower of Okawaru.
             Slain by a centaur warrior (1 damage)
             ... on level 9 of the Dungeon.
             The game lasted 00:31:53 (10786 turns).

Norn the Grappler (White Draconian Transmuter)     Turns: 10786, Time: 00:31:54

Health: 0/81       AC:  2    Str: 13    XL:     9   Next: 37%
Magic:  3/13       EV: 19    Int: 21    God:    Okawaru [*.....]
Gold:   430        SH:  0    Dex: 16    Spells: 8/14 levels left

rFire    . . .     SeeInvis .     - Unarmed
rCold    . . .     Gourm    .   (shield currently unavailable)
rNeg     . . .     Faith    .   (armour unavailable)
rPois    x         Spirit   .   (helmet currently unavailable)
rElec    .         Reflect  .   (cloak currently unavailable)
rCorr    .         Harm     .   (gloves currently unavailable)
MR       .....                  (boots currently unavailable)
Stlth    +.........             (no amulet)
HPRegen  0.23/turn              q - ring of flight
MPRegen  0.13/turn              k - +4 ring of intelligence

@: spider-form, very slightly contaminated, hasted, very quick
A: tiny, (breathe frost), unfitting armour, AC +7
a: End Transformation, Heroism, Renounce Religion, Evoke Flight


You were on level 9 of the Dungeon.
You worshipped Okawaru.
Okawaru was aware of your devotion.
You were not hungry.
You were a venomous arachnid creature.
You visited 2 branches of the dungeon, and saw 10 of its levels.

You collected 485 gold pieces.
You spent 55 gold pieces at shops.

Inventory:

Hand Weapons
 o - a +1 hunting sling of flaming
   (You took it off a hobgoblin on level 2 of the Dungeon)
 C - a +0 blowgun
   (You took it off a kobold on level 8 of the Dungeon)
Missiles
 a - 209 arrows
 b - 207 stones (quivered)
 D - 5 poisoned needles
Armour
 j - a +0 pair of gloves (melded)
   (You found it on level 2 of the Dungeon)
 n - a +0 cloak (melded)
   (You found it on level 3 of the Dungeon)
 u - a +2 hat (melded)
   (You found it on level 4 of the Dungeon)
Jewellery
 k - a +4 ring of intelligence (right front leg)
   (You found it on level 2 of the Dungeon)
 q - a ring of flight (left front leg)
   (You found it on level 4 of the Dungeon)
 w - an uncursed amulet of guardian spirit {unknown}
   (You found it on level 6 of the Dungeon)
Wands
 v - a wand of digging (4)
   (You took it off an orc on level 6 of the Dungeon)
 z - a wand of enslavement (7)
   (You found it on level 7 of the Dungeon)
Scrolls
 c - 6 scrolls of identify {@r1}
 d - 2 scrolls of fear
 f - 8 scrolls of remove curse {@r2}
 g - 4 scrolls of noise {!r}
 h - 2 scrolls of enchant weapon
 l - 6 scrolls of magic mapping
 p - a scroll of blinking
 r - a scroll of enchant armour
 t - 2 scrolls of teleportation {@r4}
 x - 4 scrolls of amnesia {unknown}
 y - a scroll of vulnerability {unknown}
 A - a scroll of brand weapon {unknown}
 B - a scroll of holy word {unknown}
Potions
 i - a potion of magic {unknown}
 m - a potion of mutation {!q}
 s - a potion of haste {@q3}
Comestibles
 e - 10 rations {!d}


   Skills:
 + Level 7.9 Fighting
 - Level 1.7 Dodging
 * Level 9.9 Unarmed Combat
 - Level 3.2 Spellcasting
 - Level 4.4 Transmutations


You had 8 spell levels left.
You knew the following spells:

 Your Spells              Type           Power        Failure   Level  Hunger
a - Beastly Appendage     Tmut           ###...       8%          1    None
s - Sticks to Snakes      Tmut           ###.....     11%         2    ##.....
x - Spider Form           Tmut/Pois      ##........   34%         3    ###....

Your spell library contained the following spells:

 Spells                   Type           Power        Failure   Level  Hunger
 Freeze                   Ice            #...         30%         1    None
 Infusion                 Chrm           #...         30%         1    None
 Shroud of Golubria       Chrm/Tloc      #.........   41%         2    ##.....
 Song of Slaying          Chrm           #.......     41%         2    ##.....
 Throw Frost              Conj/Ice       #.....       41%         2    ##.....
 Ozocubu's Armour         Chrm/Ice       #.......     58%         3    ###....
 Regeneration             Chrm/Necr      #.........   58%         3    ###....
 Spectral Weapon          Hex/Chrm       #.......     58%         3    ###....
 Ice Form                 Ice/Tmut       ##......     67%         4    ####...
 Blade Hands              Tmut           ###.......   71%         5    ######.
 Summon Ice Beast         Ice/Summ       #.......     91%         4    ####...
 Throw Icicle             Conj/Ice       #.......     91%         4    ####...
 Bolt of Magma            Conj/Fire/Erth #.........   99%         5    ######.
 Iskenderun's Battlesphe  Conj/Chrm      #.......     99%         5    ######.
 Venom Bolt               Conj/Pois      #.........   99%         5    ######.
 Iron Shot                Conj/Erth      #.........   100%        6    #######
 Orb of Destruction       Conj           #.........   100%        7    #######
 Spellforged Servitor     Conj/Summ      #.........   100%        7    #######


Dungeon Overview and Level Annotations

Branches:
Dungeon (9/15)             Temple (1/1) D:7
   Lair: D:8-11         Orc: D:9-12

Altars:
Ashenzari
Cheibriados
Dithmenos
Elyvilon
Fedhas
Gozag
Hepliaklqana
Kikubaaqudgha
Makhleb
Nemelex Xobeh
Okawaru
Qazlal
Ru
Sif Muna
Trog
Uskayaw
Vehumet
Wu Jian
Xom
Yredelemnul
Zin
The Shining One
Lugonu

Shops:
D:4 (??   D:5 =([

Annotations:
D:2 1 runed translucent door, Crazy Yiuf


Innate Abilities, Weirdness & Mutations

((You can breathe waves of freezing cold.))
((You can buffet flying creatures when you breathe cold.))
((Your icy white scales are hard. (AC +7)))
You cannot fit into any form of body armour.
((Your flesh is cold resistant. (rC+)))
((You are cold-blooded and may be slowed by cold attacks.))


Message History

Found an escape hatch in the floor.
Found an escape hatch in the floor.
Found a potion of curing.
Found two escape hatches in the ceiling.
There is an open door here.
The centaur warrior wields a +0 shortbow.
The centaur warrior shoots an arrow.
The arrow hits you.
The centaur warrior shoots an arrow.
The arrow hits you!
You see here 2 arrows.
The centaur warrior shoots an arrow.
The arrow hits you!
Things that are here:
an arrow; a potion of curing {@q1} The centaur warrior shoots an arrow.
The arrow hits you.
You see here an arrow.
You miscast Spider Form.
You are very lightly contaminated with residual magic.
Nothing appears to happen.
The centaur warrior shoots an arrow.
The arrow hits you!
* * * LOW HITPOINT WARNING * * *
The centaur warrior shoots an arrow.
The arrow hits you.
* * * LOW HITPOINT WARNING * * *
The centaur warrior shoots an arrow.
The arrow hits you!!
* * * LOW HITPOINT WARNING * * *
You see here an arrow.
The centaur warrior unwields a +0 shortbow.
The centaur warrior hits you but does no damage.
Unknown command.
Okay, then.
You create a snake!
You now have 209 arrows.
The centaur warrior hits you.
* * * LOW HITPOINT WARNING * * *
The centaur warrior barely misses you.
Casting: Sticks to Snakes (safe; 3% risk of failure)
You miscast Spider Form.
Your skin tingles.
The centaur warrior closely misses you.
You turn into a venomous arachnid creature.
Your +0 cloak melds into your body.
Your +2 hat melds into your body.
Your +0 pair of gloves melds into your body.
The centaur warrior misses you.
Your ball python bites the centaur warrior but does no damage.
The centaur warrior misses you.
You feel yourself speed up. The centaur warrior hits you!
* * * LOW HITPOINT WARNING * * *
Your ball python closely misses the centaur warrior.
You bite the centaur warrior!
The centaur warrior is poisoned.
The centaur warrior closely misses you.
Your ball python closely misses the centaur warrior.
You bite the centaur warrior!
The centaur warrior looks as sick as possible!
The centaur warrior hits you.
You die...

....... ##..
..?.... #...
.. ##..... .
#..... #.....
....
######c######
#>....Ss(..>#
#........(..#
#<.......((<#
######'######
#.........#
##.......##
#.......#
##.....##
#.....#


You could see a centaur warrior and a friendly ball python.

Vanquished Creatures
  Pikel (D:8)
  A hippogriff (D:9)
  An ice beast (D:6)
  A sky beast (D:7)
  2 orc warriors
  2 phantoms
  4 centaurs
  A crocodile (D:9)
  A big kobold (D:8)
  2 bullfrogs
  A scorpion (D:9)
  2 crimson imps
  A quasit (D:6)
  2 jellies
  2 hounds
  4 orc wizards
  2 orc priests (D:3)
  A bullfrog skeleton (D:9)
  Terence (D:2)
  An iguana (D:5)
  6 worker ants
  A howler monkey zombie (D:7)
  8 adders
  A shadow imp (D:5)
  An ooze (D:6)
  An adder zombie (D:9)
  3 worms
  6 dart slugs
  2 leopard geckos
  29 orcs
  A ball python (D:5)
  5 bats
  3 giant cockroaches
  4 goblins
  5 hobgoblins
  23 jackals
  2 quokkas
  5 frilled lizards
  8 kobolds
  A leopard gecko skeleton (D:7)
  4 rats
152 creatures vanquished.

Vanquished Creatures (collateral kills)
  An orc (D:3)
1 creature vanquished.

Vanquished Creatures (others)
  A sky beast (D:9)
  A centaur skeleton (D:8)
  A giant cockroach (D:8)
  A kobold (D:8)
4 creatures vanquished.

Grand Total: 157 creatures vanquished

Notes
Turn   | Place    | Note
-------+----------+-------------------------------------------
     0 | D:1      | Norn the Draconian Transmuter began the quest for the Orb.
     0 | D:1      | Reached XP level 1. HP: 16/16 MP: 3/3
   672 | D:1      | Reached XP level 2. HP: 19/23 MP: 5/5
   784 | D:1      | Learned a level 2 spell: Sticks to Snakes
  1049 | D:2      | Noticed Terence
  1318 | D:2      | Reached XP level 3. HP: 22/29 MP: 4/6
  1436 | D:2      | Reached skill level 4 in Unarmed Combat
  1690 | D:2      | Found a runed translucent door.
  1691 | D:2      | Noticed Crazy Yiuf
  1757 | D:2      | Killed Terence
  1757 | D:2      | Reached XP level 4. HP: 15/37 MP: 0/7
  1997 | D:2      | Found a hazy altar of Hepliaklqana.
  2270 | D:2      | Found an ornate altar of the Wu Jian Council.
  2401 | D:2      | Found a deep blue altar of Sif Muna.
  2762 | D:3      | Reached skill level 5 in Unarmed Combat
  2806 | D:3      | Reached XP level 5. HP: 20/45 MP: 5/8
  2954 | D:3      | Learned a level 3 spell: Spider Form
  3040 | D:3      | Found a basalt altar of Yredelemnul.
  3525 | D:3      | Found an opulent altar of Gozag.
  3529 | D:3      | Found an ancient bone altar of Kikubaaqudgha.
  3662 | D:4      | Found Poeseips's Magic Scroll Emporium.
  3990 | D:3      | Reached XP level 6. HP: 12/51 MP: 7/9
  4014 | D:3      | HP: 2/51 [poisoned by a worker ant]
  4022 | D:3      | HP: 2/51 [poisoned by a worker ant]
  4336 | D:4      | Found Utearche's Magic Scroll Boutique.
  4340 | D:4      | Bought a scroll of identify for 22 gold pieces
  4340 | D:4      | Bought a scroll of teleportation for 33 gold pieces
  4697 | D:2      | HP: 1/52 [poisoned by an orc wizard]
  5179 | D:4      | Found Hecel's Weapon Shop.
  5561 | D:5      | Entered Level 5 of the Dungeon
  5561 | D:5      | Found Voippol's Weapon Shoppe.
  5748 | D:5      | Your scales start taking on an icy white colour.
  5748 | D:5      | Reached XP level 7. HP: 58/59 MP: 9/11
  5748 | D:5      | Gained mutation: Your flesh is cold resistant. (rC+) [White
                  | Draconian growth]
  6016 | D:5      | Found a sacrificial altar of Ru.
  6046 | D:5      | Found Maymeymu's Armour Boutique.
  6221 | D:5      | Found Hoas Ato's Jewellery Shoppe.
  6552 | D:6      | Found a glowing silver altar of Zin.
  6572 | D:6      | Reached skill level 5 in Fighting
  6572 | D:6      | Reached skill level 6 in Unarmed Combat
  7196 | D:6      | Found a stormy altar of Qazlal.
  7226 | D:6      | Reached XP level 8. HP: 69/69 MP: 8/12
  7293 | D:6      | Found a stormy altar of Qazlal.
  7295 | D:6      | Noticed an air elemental
  7576 | D:7      | Reached skill level 7 in Unarmed Combat
  7934 | D:7      | Found a sparkling altar of Nemelex Xobeh.
  8008 | D:7      | Found a staircase to the Ecumenical Temple.
  8033 | Temple   | Entered the Ecumenical Temple
  8119 | Temple   | Became a worshipper of Warmaster Okawaru
  8245 | D:7      | Reached skill level 8 in Unarmed Combat
  8940 | D:8      | Found a shattered altar of Ashenzari.
  8979 | D:8      | Noticed Pikel
  8998 | D:8      | Killed Pikel
  8998 | D:8      | Reached skill level 9 in Unarmed Combat
  8998 | D:8      | Reached XP level 9. HP: 59/79 MP: 10/13
  9003 | D:8      | Found a radiant altar of Vehumet.
  9085 | D:8      | Reached * piety under Okawaru
  9856 | D:9      | Noticed a troll
  9880 | D:9      | Noticed a troll
 10182 | D:9      | Noticed a centaur warrior
 10216 | D:9      | Noticed a manticore
 10784 | D:9      | HP: 1/81 [centaur warrior (7)]
 10786 | D:9      | Slain by a centaur warrior

Skill      XL: |  1  2  3  4  5  6  7  8 |
---------------+-------------------------+-----
Fighting       | 2 3 4 5 7 |  7.9
Unarmed Combat | 4 5 6 9 |  9.9
Transmutations | 3 4 |  4.4
Spellcasting   | 3 |  3.2
Dodging        | |  1.7

Action                   |  1- 3 |  4- 6 |  7- 9 || total
-------------------------+-------+-------+-------++-------
Melee: Unarmed           |   147 |   240 |   230 ||   617
       Tailslap          |    17 |    21 |    10 ||    48
       Kick              |     6 |    11 |       ||    17
       Headbutt          |     2 |    13 |     1 ||    16
       Punch             |       |     1 |     2 ||     3
 Cast: Beastly Appendage |     5 |    19 |     2 ||    26
       Sticks to Snakes  |     1 |     5 |     1 ||     7
       Spider Form       |       |     5 |    34 ||    39
Evoke: Wand              |       |       |     1 ||     1
  Use: Scroll            |       |     4 |     8 ||    12
       Potion            |       |     3 |     1 ||     4
 Stab: Sleeping          |       |     1 |       ||     1
  Eat: Chunk             |     3 |     8 |    12 ||    23
       Ration            |       |     2 |     2 ||     4
Armor: Skin              |    39 |   108 |    41 ||   188
Dodge: Dodged            |    98 |   170 |   192 ||   460
